 Dungeon Crawl Stone Soup version 0.30-a0-223-gcb0039aa0c (webtiles) character file.

Game seed: 13231059967034279087

22 themarg the Shield-Bearer (level 2, 29/29 HPs)
             Began as a Troll Fighter on Oct 10, 2022.
             Was a Follower of Dithmenos.
             Got out of the dungeon alive.
             The game lasted 00:04:09 (823 turns).

themarg the Shield-Bearer (Troll Fighter)            Turns: 823, Time: 00:04:10

Health: 29/29      AC:  4    Str: 23    XL:     2   Next: 68%
Magic:  1/1        EV:  8    Int:  4    God:    Dithmenos [*.....]
Gold:   80         SH:  7    Dex:  9    Spells: 1/1 levels left

rFire   . . .      SeeInvis .      - Unarmed
rCold   . . .      Faith    .    b - +0 kite shield
rNeg    . . .      Spirit   .    a - +0 robe
rPois   .          Reflect  .    (helmet restricted)
rElec   .          Harm     .    (no cloak)
rCorr   .          Rampage  .    (gloves unavailable)
Will    .....                    (boots unavailable)
Stlth   +.........               (no amulet)
HPRegen 1.04/turn                (no ring)
MPRegen 0.07/turn                (no ring)

@: wreathed by umbra
A: large, unfitting armour, claws 3, regeneration 1, shaggy fur 1, tough skin 1
a: Renounce Religion


You escaped.
You worshipped Dithmenos.
Dithmenos was aware of your devotion.
You visited 1 branch of the dungeon, and saw 1 of its levels.

You collected 80 gold pieces.

Inventory:

Armour
 a - a +0 robe (worn)
 b - a +0 kite shield (worn)
Scrolls
 d - 2 scrolls of identify {unknown}
Potions
 c - a potion of might
 e - a potion of heal wounds {unknown}
 f - a potion of attraction {unknown}


   Skills:
 + Level 2.6 Fighting
 - Level 2.4 Dodging
 + Level 3.0 Shields
 * Level 2.7 Unarmed Combat


You had one spell level left.
You didn't know any spells.
Your spell library was empty.

Dungeon Overview and Level Annotations

Branches:
Dungeon (1/15)

Altars:
Dithmenos


Innate Abilities, Weirdness & Mutations

You are too large for most types of armour.
You have claws for hands.
Your natural rate of healing is unusually fast.
You are covered in fur. (AC +1)
You have tough skin. (AC +1)


Message History

The jackal barks!
You hear an angry hiss.
You claw the frilled lizard!
You kill the frilled lizard!
Dithmenos accepts your kill. You block the jackal's attack.
A ball python comes into view.
The jackal bites you but does no damage.
You closely miss the jackal. The jackal bites you.
You block the jackal's attack.
You claw the jackal!
You kill the jackal!
Dithmenos accepts your kill. You block the jackal's attack. x2
The jackal closely misses you. The ball python barely misses you.
You see here a jackal corpse.
You scratch the ball python.
You kill the ball python!
Dithmenos accepts your kill. The jackal bites you.
The jackal barely misses you.
You barely miss the jackal. The jackal closely misses you.
You barely miss the jackal. The jackal bites you. x2
You barely miss the jackal. You block the jackal's attack.
You claw the jackal!
You kill the jackal!
Dithmenos accepts your kill.
Your Shields skill increases to level 3!
You see here a ball python corpse.
You see here a +0 sling.
You see here an orb of energy.
You see here an orb of energy.
You see here a +0 short sword.
Partly explored, can't reach some places.
Unknown command.
You see here a +0 short sword.
There is a large open door here.
There is a large open door here.
There is an open door here.
There is a staircase leading out of the dungeon here.
Are you sure you want to leave the Dungeon?
This will make you lose the game!
You have escaped!

#.....# #.# ##..#
####### #.#
###.########### #.#
#.....)........ ###
#.# #.#.###########
÷.# #[# #.#....#
##### #.# #.#
##.####.####.... #.#
#≈≈≈≈≈≈≈≈≈≈.≈≈≈≈≈≈≈≈
#.#
#≈######♣##'##♣#####
#.#
#≈#@.8#~♣~#'#~♣~#8.>
#.#
#≈#...##8##.##8##...
..#
#≈#...'.........'...
..#
#≈#...###8#'#8###...
..#
#≈#8.8##♣##'##♣##8.8
..#
##'##♣~.....~♣##'#
.##
#.##♣.......♣##.# .#
###.8#.....(...#8.#
.###
#~#.##...~♣~...##.#


There were no monsters in sight!

Vanquished Creatures
  2 dart slugs (D:1)
  2 goblins (D:1)
  3 hobgoblins (D:1)
  2 jackals (D:1)
  A ball python (D:1)
  2 bats (D:1)
  2 frilled lizards (D:1)
  2 kobolds (D:1)
  2 rats (D:1)
18 creatures vanquished.

Notes
Turn   | Place    | Note
-------+----------+-------------------------------------------
     0 | D:1      | themarg the Troll Fighter began the quest for the Orb.
     0 | D:1      | Reached XP level 1. HP: 22/22 MP: 0/0
   323 | D:1      | Found a faded altar of an unknown god.
   448 | D:1      | Reached XP level 2. HP: 29/29 MP: 1/1
   460 | D:1      | Prayed at the altar of an unknown god.
   460 | D:1      | Became a worshipper of Dithmenos the Shadowed
   460 | D:1      | Reached * piety under Dithmenos
   569 | D:1      | Reached skill level 3 in Shields
   823 | D:$      | Got out of the dungeon alive.

Illustrated notes

Levels and vault maps discovered:
D:1:      saegor_arrival_fortress, layout_loops_ring,
          chequers_ecumenical_altar_island

Skill      XL: |  1  2 |
---------------+-------+-----
Shields        | 3 |  3.0
Fighting       | |  2.6
Dodging        | |  2.4
Unarmed Combat | |  2.7

Action                   || total
-------------------------++-------
Melee: Unarmed           ||    60
Armor: Robe              ||    19
Dodge: Dodged            ||    15
Block: Kite shield       ||    22

Table legend: (Time is in decaauts)
 A = Elapsed time spent in this place.
 B = Non-inter-level travel time spent in this place.
 C = Inter-level travel time spent in this place.
 D = Time resting spent in this place.
 E = Time spent auto-exploring this place.
 F = Levels seen in this place.
 G = Mean time per level.
                   A        B        C        D        E       F      G
               +--------+--------+--------+--------+--------+-----+--------+
         Total |    835 |    791 |     44 |      0 |    624 |   1 |  835.0 |
       Dungeon |    835 |    791 |     44 |      0 |    624 |   1 |  835.0 |
               +--------+--------+--------+--------+--------+-----+--------+

Top non-repeatable levels by time:
     D:1: 835 daAuts
